AoeStats
← Godo Suller

Nomad

504495576Analyzed
3v3 RM · 28d ago on Sep 5, 2026· 36m 7s· 6 players
Game mode
Random Map
Map size
210×210
Population
200
Speed
Normal
Resources
Standard
Victory
Conquest
Starting age
Dark Age
Ending age
Imperial Age
RankedLock teamsTeams togetherTeam positionsShared explorationLock speedFull tech treeHidden civsTurbo modeCheats
Victory
Defeat
🇦🇷 Vietnamese · Argentina
1405
+14
🇭🇺 Persians · Hungary
1392
+15
🇦🇷 Italians · Argentina
1333
+17
🇬🇧 Vietnamese · United Kingdom
1405
-16
🇭🇰 Spanish · Hong Kong SAR China
1351
-15
🇸🇪 Persians · Sweden
1348
-15
lok914
4:34 Loom
13:29 Feudal Age
20:59 Castle Age
19:12 Double-Bit Axe
19:40 Horse Collar
22:11 Fletching
Mothy
3:41 Loom
14:28 Feudal Age
20:23 Castle Age
19:10 Double-Bit Axe
19:58 Gold Mining
20:37 Horse Collar
23:50 Demolition Ship
24:43 Medium Warships
25:59 Fletching
27:16 Bodkin Arrow
29:05 Bow Saw
28:57 Heavy Plow
30:37 Padded Archer Armor
31:52 Wheelbarrow
31:02 Town Watch
33:28 Leather Archer Armor
LilleSkutt
3:07 Loom
13:34 Feudal Age
14:02 Double-Bit Axe
21:31 Castle Age
19:59 Stone Mining
20:47 Horse Collar
25:56 Bloodlines
25:49 Town Watch
28:18 Husbandry
31:25 Scale Barding Armor
31:31 Forging
31:47 Fletching
31:59 Padded Archer Armor
31:29 Elite Skirmisher
32:15 Thumb Ring
Godo Suller
8:04 Loom
11:05 Feudal Age
12:08 Double-Bit Axe
13:48 Fletching
21:40 Castle Age
21:26 Scale Barding Armor
23:43 Forging
33:46 Bloodlines
33:36 Husbandry
17Brunaska
4:37 Loom
12:07 Feudal Age
14:22 Double-Bit Axe
21:14 Castle Age
19:38 Horse Collar
22:56 Stone Mining
24:35 Wheelbarrow
23:47 Town Watch
26:18 Bow Saw
26:44 Fletching
26:55 Padded Archer Armor
28:26 Hand Cart
30:22 Ballistics
30:03 Bodkin Arrow
30:24 Leather Archer Armor
36:34 Imperial Age
37:17 Stone Shaft Mining
36:45 Town Patrol
Lord San
13:06 Feudal Age
13:53 Double-Bit Axe
18:39 Castle Age
17:12 Horse Collar
17:23 Gold Mining
18:52 Wheelbarrow
19:39 Medium Warships
19:30 Fishing Lines
21:05 Hand Cart
21:07 Bow Saw
21:26 Fletching
22:43 Gillnets
24:39 Loom
24:39 Town Watch
25:25 Bodkin Arrow
25:55 Padded Archer Armor
28:06 Leather Archer Armor
30:40 Ballistics
31:25 Gold Mining
31:27 Stone Mining
36:04 Imperial Age
Connection lost

Rejoining the realm…

Still unreachable

The connection could not be restored.

Session expired

The server has moved on; the page needs a fresh start.